Map: Corrosion EC

Players

RainbowDash - Winner!

  • Race: Terran Terran
  • Spawn Location: 5:00

IA (très facile)

  • Race: Protoss Protoss
  • Spawn Location: 11:00

VOD

Have the link to the VOD?

Description

Time

  • Played on: Jan. 9, 2019, 6:49 a.m.
  • Length: 13:16
Show
View Real Time Build Order
Export as new Build Order

RainbowDash Terran - Winner!

Build Orders: Reaper Expand 

Get SALT Encoding   

  12  0:01  SCV  
  13  0:13  SCV  
  14  0:17  Supply Depot  
  14  0:25  SCV  
  15  0:38  SCV  
  15  0:40  Barracks  
  16  0:44  Refinery  
  16  0:51  SCV  
  17  1:03  SCV  
  18  1:15  SCV  
  19  1:28  Reaper  
  19  1:29  Orbital Command  
  20  1:44  Command Center  
  20  1:54  SCV  
  20  2:00  Marine, Supply Depot  
  22  2:09  Factory  
  22  2:11  SCV  
  23  2:17  Refinery  
  23  2:23  SCV  
  23  2:25  Barracks Reactor  
  24  2:35  SCV  
  25  2:37  Bunker  
  25  2:47  SCV  
  26  2:52  Factory Tech Lab  
  26  2:57  Starport  
  27  2:59  SCV  
  27  3:00  Orbital Command  
  27  3:06  Marine  
  27  3:11  Marine, SCV  
  30  3:18  Cyclone  
  33  3:23  SCV  
  34  3:32  SCV  
  34  3:33  Marine  
  36  3:35  SCV  
  37  3:41  Starport Tech Lab  
  37  3:44  Supply Depot, SCV  
  37  3:48  SCV  
  39  3:54  Refinery  
  39  3:57  Siege Tank  
  39  4:00  SCV  
  44  4:03  Supply Depot  
  44  4:05  Banshee  
  44  4:09  SCV  
  47  4:18  SCV  
  47  4:20  Cloaking Field  
  48  4:24  SCV  
  48  4:26  Refinery  
  48  4:30  SCV  
  50  4:33  Engineering Bay  
  50  4:36  SCV  
  50  4:37  Siege Tank  
  54  4:42  SCV  
  55  4:47  Supply Depot  
  55  4:48  Banshee  
  55  4:49  SCV  
  59  4:54  SCV  
  60  5:00  Command Center  
  60  5:01  SCV  
  61  5:08  Fusion Core  
  61  5:12  SCV  
  61  5:13  SCV  
  63  5:14  Starport  
  63  5:24  SCV  
  63  5:31  Supply Depot  
  63  5:34  SCV  
  63  5:35  Supply Depot  
  64  5:38  SCV  
  65  5:50  Starport Tech Lab  
  65  5:56  Battlecruiser  
  71  5:58  Supply Depot  
  71  5:59  SCV x2  
  73  6:11  Sensor Tower, SCV  
  74  6:21  Battlecruiser  
  74  6:22  Supply Depot  
  74  6:23  SCV x2  
  82  6:30  Refinery  
  82  6:34  Armory  
  82  6:35  SCV  
  82  6:39  SCV, Refinery  
  84  6:43  Planetary Fortress  
  84  6:47  SCV  
  84  6:51  SCV  
  86  6:56  Armory  
  86  6:59  SCV  
  87  7:03  SCV  
  88  7:12  SCV  
  88  7:13  Battlecruiser  
  88  7:15  SCV  
  96  7:24  SCV  
  96  7:25  SCV  
  96  7:27  SCV  
  99  7:33  Battlecruiser  
  99  7:36  SCV  
  107  7:37  SCV  
  107  7:39  Terran Vehicle And Ship Armor Level 1, SCV  
  107  7:43  Supply Depot  
  108  7:45  Terran Ship Weapons Level 1  
  108  7:48  SCV  
  109  7:52  SCV  
  110  8:04  Command Center  
  110  8:05  SCV x2  
  112  8:17  Battlecruiser  
  118  8:20  Refinery  
  118  8:23  Refinery  
  118  8:25  Drilling Claws  
  118  8:28  Supply Depot  
  118  8:38  Battlecruiser  
  124  8:43  Starport  
  124  8:52  Widow Mine  
  126  8:58  Supply Depot  
  126  9:14  Widow Mine  
  126  9:16  Sensor Tower  
  128  9:21  Supply Depot  
  128  9:22  Battlecruiser  
  134  9:26  Starport Tech Lab  
  134  9:38  Terran Vehicle And Ship Armor Level 2  
  136  9:39  Terran Ship Weapons Level 2  
  136  9:42  Battlecruiser  
  140  9:52  Battlecruiser  
  146  9:59  Widow Mine x2  
  150  10:09  Supply Depot x2  
  150  10:18  Starport  
  150  10:21  Widow Mine x2  
  154  10:26  Battlecruiser  
  160  10:32  Supply Depot  
  160  10:34  Supply Depot  
  160  10:42  Widow Mine x2  
  164  10:46  Battlecruiser  
  170  10:53  Planetary Fortress  
  176  10:57  Battlecruiser, Supply Depot  
  176  11:01  Starport Tech Lab  
  176  11:07  Widow Mine  
  176  11:08  Widow Mine  
  180  11:28  Command Center  
  180  11:29  Widow Mine x2  
  180  11:30  Battlecruiser  
  188  11:50  Widow Mine x2  
  192  12:02  Battlecruiser  
  198  12:16  Supply Depot  
Show
View Real Time Build Order
Export as new Build Order

IA (très facile) Protoss 

Build Orders:  

Get SALT Encoding   

  12  0:00  Probe  
  13  0:13  Probe  
  14  0:20  Pylon  
  14  0:37  Assimilator  
  14  0:43  Gateway  
  14  0:47  Pylon  
  14  1:14  Assimilator  
  14  1:16  Probe  
  14  1:24  Probe  
  16  1:32  Probe  
  16  1:34  Cybernetics Core  
  17  1:43  Probe  
  18  1:54  Probe  
  19  2:02  Probe  
  20  2:10  Stalker  
  20  2:11  Warp Gate  
  22  2:30  Pylon  
  22  2:38  Stalker  
  24  3:00  Zealot  
  26  5:30  Probe  
  26  5:34  Zealot  
  29  5:37  Robotics Facility  
  29  5:38  Probe  
  30  5:46  Probe  
  30  5:49  Pylon  
  30  5:54  Probe  
  31  6:03  Probe  
  33  6:11  Probe  
  32  6:19  Zealot  
  32  6:25  Observer  
  31  6:27  Pylon  
  30  6:34  Pylon  
  29  6:40  Probe  
  29  6:46  Observer  
  31  6:48  Zealot  
  31  6:52  Probe  
  34  7:05  Nexus  
  34  7:16  Zealot  
  36  8:11  Stalker  
  38  8:18  Probe  
  39  8:24  Assimilator  
  39  8:25  Probe  
  40  8:28  Assimilator, Probe  
  41  8:39  Probe  
  42  8:45  Probe  
  43  8:54  Probe  
  44  9:01  Probe  
  45  9:07  Probe  
  46  9:14  Probe  
  47  9:18  Probe  
  48  9:25  Probe  
  49  9:37  Probe  
  50  9:44  Probe  
  51  9:51  Probe  
  52  11:01  Warp Prism  
  52  11:07  Stalker  
  52  11:08  Gateway  
  56  11:11  Robotics Bay  
  56  11:14  Stargate  
  56  11:17  Pylon  
  56  11:24  Warp Prism  
  58  11:41  Stalker  
  58  11:42  Pylon  
  49  12:00  Gateway  
  49  12:01  Observer, Gravitic Boosters  
  50  12:14  Zealot  
  52  12:21  Observer  
  49  12:35  Observer  
  48  12:39  Probe  
  48  12:43  Zealot  
  27  12:51  Probe  
Tags
 
Add a new tag
Caveats
  • Supply blocks, unpowered buildings, or Contaminate may cause inaccurate times.
  • Supply counts are checked every 10 seconds.